Map: Taito Citadel LE

Players

eGang - Winner!

  • Race: Terran Terran
  • League: Platinum
  • Spawn Location: 5:00

HoldTheDoor

  • Race: Protoss Protoss
  • League: Diamond
  • Spawn Location: 11:00

VOD

Have the link to the VOD?

Description

Time

  • Played on: May 3, 2026, 10:31 a.m.
  • Length: 16:44
Show
View Real Time Build Order
Export as new Build Order

eGang Terran - Winner!

Build Orders:  

Get SALT Encoding   

  12  0:00  SCV  
  13  0:12  SCV  
  14  0:18  Supply Depot  
  14  0:24  SCV  
  15  0:31  Refinery  
  15  0:39  SCV  
  16  0:45  Barracks  
  16  0:51  SCV  
  17  1:09  Supply Depot, SCV  
  18  1:21  SCV  
  19  1:33  Marine, SCV  
  19  1:37  Factory  
  21  1:45  SCV  
  22  1:56  Marine  
  23  2:12  Supply Depot  
  23  2:13  Marine  
  23  2:14  Orbital Command  
  24  2:22  Factory Tech Lab  
  24  2:38  Command Center  
  24  2:40  SCV  
  24  2:44  Refinery  
  25  2:53  Siege Tank  
  25  2:56  SCV  
  29  3:02  Engineering Bay  
  29  3:08  SCV  
  30  3:19  Starport  
  30  3:20  SCV  
  31  3:32  SCV  
  32  3:35  Missile Turret  
  32  3:43  Missile Turret  
  32  3:44  SCV  
  33  3:51  SCV  
  33  3:54  Missile Turret  
  34  3:55  Hi-Sec Auto Tracking  
  34  3:56  Refinery, SCV  
  34  4:01  Viking  
  37  4:03  SCV  
  37  4:09  SCV  
  39  4:13  Missile Turret  
  39  4:15  SCV  
  40  4:17  Missile Turret  
  40  4:21  SCV  
  41  4:27  SCV  
  42  4:32  Missile Turret  
  42  4:33  SCV  
  42  4:36  Viking  
  45  4:39  SCV  
  45  4:43  Supply Depot  
  46  4:45  SCV  
  46  4:47  Siege Tank  
  46  4:51  SCV  
  51  4:54  Hyperflight Rotors, Missile Turret  
  51  4:58  SCV  
  52  5:03  SCV  
  53  5:07  Starport Tech Lab  
  53  5:09  Starport  
  53  5:10  SCV  
  54  5:16  SCV  
  55  5:22  SCV  
  55  5:24  Supply Depot  
  55  5:27  Viking  
  55  5:28  SCV  
  59  5:31  Refinery  
  59  5:32  Widow Mine  
  59  5:34  SCV  
  49  5:42  Orbital Command  
  62  5:45  Starport Tech Lab  
  62  5:50  Command Center  
  62  5:54  Supply Depot, SCV  
  63  6:06  Banshee x2, SCV  
  70  6:12  SCV  
  70  6:16  Armory  
  68  6:21  Armory, SCV  
  68  6:23  Cloaking Field  
  68  6:24  SCV  
  70  6:33  Sensor Tower, SCV  
  70  6:35  Supply Depot  
  70  6:37  SCV, Supply Depot  
  72  6:46  SCV, Sensor Tower  
  73  6:48  Missile Turret, Banshee  
  73  6:49  SCV  
  77  6:57  Banshee  
  77  6:58  SCV  
  82  7:01  SCV  
  82  7:09  Terran Vehicle And Ship Armor Level 1, Terran Ship Weapons Level 1  
  82  7:10  SCV  
  82  7:13  SCV  
  84  7:24  Planetary Fortress  
  84  7:31  SCV x2, Banshee  
  89  7:39  Banshee  
  89  7:43  SCV x2  
  92  7:48  Refinery  
  92  7:49  Refinery  
  92  7:51  Missile Turret  
  92  7:53  Missile Turret  
  92  7:56  Sensor Tower  
  92  7:57  Missile Turret  
  92  7:59  SCV x2  
  92  8:05  SCV  
  95  8:11  SCV x2  
  97  8:14  Command Center x2  
  97  8:15  Starport  
  97  8:16  Viking  
  97  8:17  SCV  
  100  8:22  Viking  
  100  8:23  SCV x2  
  104  8:29  SCV  
  105  8:38  SCV  
  105  8:39  SCV  
  107  8:41  SCV  
  108  8:51  SCV  
  109  9:01  Starport Tech Lab  
  109  9:07  Terran Vehicle And Ship Armor Level 2  
  109  9:08  Terran Ship Weapons Level 2  
  109  9:16  SCV x3  
  109  9:24  Banshee  
  109  9:25  Banshee  
  109  9:28  SCV x2  
  111  9:32  SCV  
  112  9:40  Command Center, SCV x2  
  112  9:42  Starport x2  
  114  9:45  Starport  
  114  10:00  SCV  
  115  10:12  SCV, Banshee x3  
  125  10:20  Refinery x2  
  125  10:22  Starport Tech Lab x3  
  125  10:24  Planetary Fortress, SCV  
  125  10:28  Missile Turret x2  
  126  10:29  Planetary Fortress, Missile Turret  
  126  10:33  Missile Turret  
  126  10:35  Missile Turret  
  126  10:37  Missile Turret  
  126  10:38  Sensor Tower  
  126  10:51  Banshee x3  
  126  10:55  Banshee x3  
  144  11:00  Missile Turret  
  144  11:01  Missile Turret  
  144  11:02  Missile Turret  
  144  11:05  Command Center  
  144  11:13  Command Center  
  144  11:19  Planetary Fortress  
  144  11:26  Terran Ship Weapons Level 3, Terran Vehicle And Ship Armor Level 3  
  144  11:42  Viking x2  
  144  11:43  Viking x3  
  154  11:56  Supply Depot  
  154  12:04  Viking  
  144  12:22  Banshee x2  
  123  12:23  Banshee x3  
  136  12:32  Command Center  
  136  12:33  Command Center  
  136  12:34  Banshee  
  120  13:11  Command Center x2  
  120  13:17  Banshee x4  
  132  13:33  Banshee  
  132  13:34  Banshee  
  129  14:02  Planetary Fortress  
  129  14:05  Planetary Fortress  
  129  14:07  Terran Vehicle Weapons Level 1  
  129  14:20  Starport  
  123  14:26  Starport  
  123  14:33  Refinery  
  123  14:41  Planetary Fortress x2  
  123  14:43  SCV x2  
  125  14:48  Refinery  
  125  14:50  Missile Turret x2  
  125  14:52  Missile Turret  
  125  14:54  Sensor Tower, Missile Turret  
  125  14:55  Missile Turret, SCV x2  
  125  14:57  Missile Turret  
  125  14:59  Starport Tech Lab  
  127  15:03  Command Center  
  127  15:05  Starport Tech Lab  
  127  15:06  Command Center  
  127  15:07  SCV  
  127  15:08  SCV  
  129  15:16  Supply Depot  
  129  15:17  Supply Depot, Barracks  
  129  15:28  SCV x2  
  131  15:39  Refinery x2  
  131  15:40  SCV x2  
  130  15:52  SCV  
  130  15:53  Planetary Fortress  
  130  15:54  Planetary Fortress  
  120  16:06  Viking x2  
  120  16:07  Viking x2  
Show
View Real Time Build Order
Export as new Build Order

HoldTheDoor Protoss 

Build Orders: 1 Gate Expand, Colossus Rush 

Get SALT Encoding   

  12  0:00  Probe  
  13  0:12  Probe  
  14  0:17  Pylon  
  14  0:24  Probe  
  15  0:32  Probe  
  15  0:38  Gateway  
  15  0:40  Probe  
  16  0:49  Assimilator  
  17  0:51  Probe  
  18  1:03  Probe  
  19  1:15  Probe  
  20  1:33  Nexus, Cybernetics Core  
  20  1:35  Probe  
  21  1:47  Assimilator, Probe  
  21  1:52  Pylon  
  22  2:00  Probe  
  23  2:01  Adept  
  23  2:02  Warp Gate  
  25  2:15  Probe  
  26  2:27  Probe  
  26  2:29  Pylon  
  27  2:30  Sentry  
  29  2:40  Probe  
  30  2:49  Robotics Facility  
  30  2:52  Probe  
  30  2:55  Probe  
  32  2:58  Gateway  
  32  3:02  Pylon  
  32  3:04  Probe  
  33  3:13  Probe  
  34  3:20  Probe  
  34  3:24  Gateway  
  34  3:26  Shield Battery  
  35  3:29  Probe  
  37  3:34  Probe, Pylon  
  38  3:41  Probe  
  38  3:46  Probe  
  39  3:54  Zealot  
  39  3:55  Zealot  
  43  3:57  Probe  
  43  3:58  Immortal  
  43  4:01  Robotics Bay  
  48  4:08  Twilight Council  
  48  4:11  Pylon, Probe  
  48  4:13  Probe  
  48  4:16  Sentry  
  52  4:19  Zealot  
  52  4:23  Assimilator  
  54  4:28  Probe  
  55  4:31  Probe  
  55  4:34  Charge  
  55  4:37  Observer  
  57  4:39  Gateway  
  57  4:40  Probe  
  57  4:43  Probe  
  59  4:52  Probe  
  60  4:53  Assimilator  
  60  4:55  Probe  
  60  4:56  Zealot  
  60  4:57  Zealot x2  
  67  5:06  Colossus  
  67  5:14  Probe  
  74  5:18  Pylon  
  74  5:21  Pylon  
  74  5:22  Stalker x2  
  78  5:36  Pylon, Probe x2  
  78  5:38  Pylon  
  78  5:41  Pylon  
  80  5:52  Colossus  
  80  5:53  Extended Thermal Lance  
  86  6:22  Zealot x2  
  86  6:23  Zealot x2  
  94  6:32  Gateway  
  94  6:34  Gateway x2  
  94  6:37  Gateway  
  94  6:39  Gateway  
  94  6:41  Pylon  
  94  6:43  Gateway  
  94  6:45  Colossus  
  100  7:00  Probe x2  
  102  7:04  Stargate  
  102  7:06  Gateway  
  102  7:08  Gateway  
  102  7:13  Templar Archives  
  102  7:54  Stalker x8  
  102  7:55  Stalker x2  
  122  7:59  Nexus  
  122  8:11  Phoenix  
  124  8:18  Psionic Storm  
  124  8:26  Pylon  
  124  8:31  Pylon  
  124  8:35  Probe  
  124  8:36  Probe  
  124  8:38  Pylon  
  126  8:43  Colossus  
  126  8:48  Probe  
  120  8:59  Pylon  
  120  9:16  Stalker  
  122  9:17  Stalker x5  
  132  9:32  Probe  
  132  9:37  Observer  
  134  9:38  Pylon  
  134  9:43  Pylon  
  134  9:44  Pylon  
  134  9:46  Forge  
  134  9:47  Pylon  
  134  9:48  Probe  
  134  9:49  Probe  
  134  9:50  Probe  
  137  10:01  Probe  
  137  10:02  Pylon  
  137  10:03  Shield Battery  
  137  10:04  Probe  
  139  10:08  Pylon  
  139  10:11  Probe  
  139  10:13  Pylon  
  140  10:17  Blink  
  140  10:18  Probe  
  140  10:20  Probe  
  142  10:24  Probe  
  143  10:30  Probe  
  143  10:33  Photon Cannon  
  144  10:39  Photon Cannon  
  144  10:44  Photon Cannon  
  144  10:46  Photon Cannon  
  144  10:54  Probe x3  
  144  10:56  Photon Cannon  
  147  11:01  Photon Cannon  
  147  11:02  Phoenix  
  149  11:06  Probe  
  150  11:13  Assimilator  
  150  11:14  High Templar  
  150  11:15  High Templar x2  
  150  11:16  High Templar x4, Warp Prism  
  164  11:19  Protoss Ground Weapons Level 1, Archon  
  164  11:20  Archon  
  166  11:33  Phoenix  
  168  11:49  Pylon  
  168  11:50  Gateway  
  168  11:53  Gateway  
  140  12:25  Stalker x6  
  140  12:26  Stalker x6  
  108  13:08  Stalker x7  
  108  13:09  Stalker  
  121  13:41  Nexus  
  121  13:50  Pylon  
  121  13:56  Pylon  
  121  13:59  Pylon  
  121  14:04  Pylon  
  121  14:07  Pylon  
  117  14:29  Stalker x4  
  125  14:31  Zealot x2  
  125  14:32  Zealot x3  
  109  15:05  Assimilator  
  109  15:10  Forge  
  109  15:12  Forge  
  109  15:16  Forge  
  109  15:17  Probe  
  110  15:29  Probe  
  110  15:33  Zealot x9  
  123  16:03  Shield Battery  
Tags
 
Add a new tag
Caveats
  • Supply blocks, unpowered buildings, or Contaminate may cause inaccurate times.
  • Supply counts are checked every 10 seconds.